 Dungeon Crawl Stone Soup version 0.30.0-29-ga12c61a403 (webtiles) character file.

Game seed: 5323730954997183094

15726 Josd the Destroyer (level 12, -12/97 HPs)
             Began as a Black Draconian Conjurer on June 7, 2023.
             Was a Priest of Vehumet.
             Shot with an arrow by a centaur warrior (21 damage)
             ... on level 11 of the Dungeon.
             The game lasted 01:14:15 (12515 turns).

Josd the Destroyer (Black Draconian Conjurer)      Turns: 12515, Time: 01:14:16

Health: -12/97     AC: 14    Str: 11    XL:     12   Next: 3%
Magic:  2/34       EV: 14    Int: 23    God:    Vehumet [***...]
Gold:   838        SH:  0    Dex:  9    Spells: 18/29 levels left

rFire   . . .        l - staff of conjuration "Xuvetz" {rCorr}
rCold   + . .        (no shield)
rNeg    . . .        (body armour unavailable)
rPois   .            (helmet restricted)
rElec   +            (no cloak)
rCorr   +            k - +2 pair of gloves
SInv    .            j - +2 pair of boots
Will    .....        B - amulet of regeneration
Stlth   ++           z - ring of magical power
HPRegen 1.16/turn    m - ring of protection from cold
MPRegen 0.24/turn

%: no passive effects
@: no status effects
A: breathe lightning, AC +8, unfitting armour, electricity resistance,
cold-blooded
a: Breathe Lightning, Renounce Religion


You were on level 11 of the Dungeon.
You worshipped Vehumet.
Vehumet was most pleased with you.
You visited 2 branches of the dungeon, and saw 12 of its levels.

You collected 878 gold pieces.
You spent 40 gold pieces at shops.

Inventory:

Hand Weapons
 b - a +3 dagger
 o - a +3 short sword of flaming
Missiles
 p - 8 curare-tipped darts
 q - 31 poisoned darts
 r - a throwing net
 u - 3 javelins
 y - 3 silver javelins
 D - 5 boomerangs
Armour
 i - a +0 tower shield
 j - a +2 pair of boots (worn)
 k - a +2 pair of gloves (worn)
 N - a +0 pair of boots
Magical Staves
 l - the staff of conjuration "Xuvetz" (weapon) {rCorr}
   (You acquired it on level 7 of the Dungeon)

   [staff of conjuration]

   Base accuracy: +5 Base damage: 5 Base attack delay: 1.2 This weapon's minimum
   attack delay (0.6) is reached at skill level 12.
   rCorr:     It protects you from acid and corrosion.
   It falls into the 'Staves' category.
   It is a one-handed weapon.
Jewellery
 m - a ring of protection from cold (right hand)
 s - an amulet of faith
 v - a ring of flight
 z - a ring of magical power (left hand)
 B - an amulet of regeneration (around neck)
 H - an amulet of guardian spirit
 P - a +6 ring of strength
 R - an amulet of the acrobat
 S - a ring of ice
Wands
 x - a wand of paralysis (25)
 A - a wand of mindburst (7)
 F - a wand of iceblast (8)
 K - a wand of flame (35)
Scrolls
 d - 4 scrolls of teleportation
 e - 3 scrolls of amnesia
 h - 3 scrolls of magic mapping
 t - a scroll of fear
 w - a scroll of vulnerability
 E - 2 scrolls of poison
 L - 3 scrolls of identify
 O - a scroll of fog
Potions
 a - 2 potions of magic
 c - 3 potions of mutation
 f - a potion of might
 g - 4 potions of curing {unknown}
 n - 2 potions of brilliance
 C - 5 potions of heal wounds {unknown}
 G - a potion of lignification
 I - a potion of haste
 J - a potion of flight {unknown}
 M - 2 potions of degeneration {unknown}
 Q - a potion of cancellation {unknown}
 T - 2 potions of attraction {unknown}


   Skills:
 + Level 6.9 Fighting
 - Level 6.4 Short Blades
 + Level 3.7 Staves
 + Level 8.4 Dodging
 + Level 4.4 Stealth
 + Level 9.3 Spellcasting
 + Level 10.2 Conjurations
 + Level 3.0 Hexes
 + Level 0.5 Transmutations


You had 18 spell levels left.
You knew the following spells:

 Your Spells              Type           Power      Damage    Failure   Level
a - Magic Dart            Conj           100%       1d8       1%          1
b - Searing Ray           Conj           100%       2d8       1%          2
c - Dazzling Flash        Conj/Hex       100%       N/A       1%          3
d - Beastly Appendage     Tmut           26%        N/A       4%          1
e - Fulminant Prism       Conj/Hex       29%        3d14      1%          4

Your spell library contained the following spells:

 Spells                   Type           Power      Damage    Failure   Level
 Inner Flame              Hex/Fire       17%        N/A       2%          3
 Mephitic Cloud           Conj/Pois/Air  39%        N/A       1%          3
 Iskenderun's Mystic Bla  Conj/Tloc      51%        2d11      2%          4
 Wereblood                Tmut           13%        N/A       8%          2
 Call Imp                 Summ           20%        N/A       9%          2
 Cigotuvi's Dreadful Rot  Necr/Pois/Air  20%        N/A       9%          2
 Lesser Beckoning         Tloc           20%        N/A       9%          2
 Spider Form              Tmut/Pois      11%        N/A       16%         3
 Airstrike                Air            5%         2d(1-17)  16%         4
 Dispel Undead            Necr           10%        3d9       52%         4
 Manifold Assault         Tloc           10%        N/A       52%         4
 Passage of Golubria      Tloc           10%        N/A       52%         4
 Death Channel            Necr           5%         N/A       100%        6
 Chain Lightning          Conj/Air       25%        3d34      100%        9
 Fire Storm               Conj/Fire      25%        8d7       100%        9
 Shatter                  Erth           5%         3d8*      100%        9


Dungeon Overview and Level Annotations

Branches:
Dungeon (11/15)            Temple (1/1) D:6
   Lair: D:8-11         Orc: D:9-12

Altars:
Ashenzari
Cheibriados
Dithmenos
Elyvilon
Fedhas
Gozag
Hepliaklqana
Kikubaaqudgha
Makhleb
Nemelex Xobeh
Okawaru
Qazlal
Ru
Sif Muna
Trog
Uskayaw
Vehumet
Wu Jian
Xom
Yredelemnul
Zin
The Shining One

Shops:
D:4 **:   D:8 *


Innate Abilities, Weirdness & Mutations

You can breathe wild blasts of lightning.
Your glossy black scales are hard. (AC +8)
You cannot fit into any form of body armour.
You are resistant to electric shocks. (rElec)
You are cold-blooded and may be slowed by cold attacks.


Message History

The centaur warrior is lightly wounded.
The centaur warrior shoots an arrow.
The arrow closely misses you.
The centaur warrior shoots an arrow.
The arrow hits you!!
* * * LOW HITPOINT WARNING * * *
Casting: Magic Dart (safe; 1% risk of failure)
Confirm with . or Enter, or press ? or * to list all spells.
Aiming: Magic Dart (safe; 1% risk of failure)
Press: ? - help, Shift-Dir - straight line, f/p - centaur warrior
Aim: a centaur warrior, wielding a +0 shortbow (lightly wounded, 100% to hit)
You feel a surge of power!
The magic dart hits the centaur warrior but does no damage.
The centaur warrior is lightly wounded.
The centaur warrior shoots an arrow.
The arrow closely misses you.
The centaur warrior shoots an arrow.
The arrow barely misses you.
As you read the scroll of teleportation, it crumbles to dust.
You feel strangely unstable.
The centaur warrior shoots an arrow.
The arrow completely misses you.
Your surroundings suddenly seem different.
An orc zombie and a komodo dragon come into view.
The komodo dragon hisses angrily.
As you read the scroll of teleportation, it crumbles to dust.
You feel strangely unstable. The komodo dragon bites you!!
* * * LOW HITPOINT WARNING * * *
Casting: Magic Dart (safe; 1% risk of failure)
Confirm with . or Enter, or press ? or * to list all spells.
Casting: Dazzling Flash (safe; 1% risk of failure)
Press: ? - help, Dir - look around, f - activate You can't see that place. [a rock wall.]
You feel a surge of power! The komodo dragon barely misses you.
A shadow comes into view.
Casting: Dazzling Flash (safe; 1% risk of failure)
Confirm with . or Enter, or press ? or * to list all spells.
Casting: Dazzling Flash (safe; 1% risk of failure)
Press: ? - help, Dir - look around, f - activate You feel a surge of power!
The komodo dragon is dazzled.
The komodo dragon misses you.
Your surroundings seem slightly different.
The centaur warrior shoots an arrow.
The arrow hits you!!
You die...

#.#####)# #l# #.# #
#.....#.# #.# #.# ###
#####.#.#####§# #.# #..
#.........# #.###<.
###†.....## #...'..
#†##.#.## #####..
######†....... #.....
#.....)..###... #.##..
#.####@#.# #.###.##..
#..##.....#.#. ...#.###'
#.....#.........#.#.###.
#.##.....##c##..........
#....###.# ..#.###...###
#..#.# .. ... #.#.# #...
.# . #...# #... .# ..###
#.##


You could see a centaur warrior.

Vanquished Creatures
  Josephine (D:11)
  Erolcha (D:9)
  A two-headed ogre (D:10)
  Sonja (D:10)
  An ugly thing (D:9)
  A manticore (D:11)
  Joseph (D:9)
  2 unseen horror zombies (D:8)
  Psyche (D:8)
  2 unseen horrors
  A kobold demonologist (D:11)
  2 trolls (D:10)
  A hornet (D:8)
  Sigmund (D:4)
  2 shadows (D:10)
  3 wraiths
  3 wyverns
  30 yaks
  3 steam dragons (D:7)
  A water moccasin (D:6)
  3 orc warriors
  2 ice beasts
  3 sky beasts
  An ogre (D:5)
  7 centaurs
  4 kobold brigands
  A gnoll sergeant (D:9)
  4 scorpions
  2 wyvern zombies (D:8)
  5 bullfrogs
  5 wights (D:8)
  A killer bee (D:11)
  2 vampire bats (D:10)
  2 howler monkeys
  2 centaur zombies (D:8)
  3 gnoll boudas
  3 orc priests
  5 hounds
  2 sleepcaps (D:7)
  2 iguanas (D:7)
  6 orc wizards
  2 killer bee zombies (D:8)
  An ogre zombie (D:11)
  18 gnolls
  5 adders
  A shadow imp (D:8)
  3 white imps
  An ufetubus (D:6)
  3 worms
  3 dart slugs
  29 orcs
  3 bat skeletons (D:10)
  3 bat zombies (D:10)
  7 endoplasms
  2 giant cockroaches
  12 goblins
  10 hobgoblins
  6 jackals
  24 kobolds
  2 quokkas (D:1)
  6 ball pythons
  4 bats
  2 frilled lizards
  An orc zombie (D:11)
  5 rats
  A fulminant prism (D:10)
278 creatures vanquished.

Vanquished Creatures (others)
  A wizard (D:7)
  An orc wizard (D:9)
  30 fulminant prisms
32 creatures vanquished.

Grand Total: 310 creatures vanquished

Notes
Turn   | Place    | Note
-------+----------+-------------------------------------------
     0 | D:1      | Josd the Draconian Conjurer began the quest for the Orb.
     0 | D:1      | Reached XP level 1. HP: 14/14 MP: 3/3
   344 | D:1      | Reached XP level 2. HP: 20/20 MP: 3/5
   369 | D:1      | Found a faded altar of an unknown god.
  1160 | D:2      | Reached XP level 3. HP: 26/26 MP: 6/6
  1280 | D:2      | Reached skill level 5 in Conjurations
  1295 | D:2      | Identified the +2 robe of the Queen of Wands {*Slow rElec
                  | rN+ Int+3}
  1546 | D:2      | Learned a level 2 spell: Searing Ray
  1877 | D:2      | Reached XP level 4. HP: 22/33 MP: 1/7
  2504 | D:3      | Reached skill level 1 in Short Blades
  2816 | D:3      | Learned a level 3 spell: Dazzling Flash
  2832 | D:3      | Reached XP level 5. HP: 39/39 MP: 7/9
  3266 | D:3      | Found a glowing golden altar of the Shining One.
  3675 | D:4      | Found Hiakenne's Book Boutique.
  3743 | D:4      | Noticed Sigmund
  3797 | D:4      | Killed Sigmund
  3798 | D:4      | Reached skill level 1 in Fighting
  3798 | D:4      | Reached XP level 6. HP: 39/47 MP: 3/10
  4049 | D:4      | Found Siaroomp's General Store.
  4051 | D:4      | Found Pyikas's Specific Store.
  4059 | D:4      | Bought a scroll of identify for 20 gold pieces
  4059 | D:4      | Bought a scroll of identify for 20 gold pieces
  4415 | D:4      | You are sucked into a shaft and drop 3 floors!
  4552 | D:5      | Entered Level 5 of the Dungeon
  4801 | D:5      | Noticed an ice beast
  4849 | D:5      | Killed an ice beast
  4850 | D:5      | Your scales start taking on a glossy black colour.
  4850 | D:5      | Reached XP level 7. HP: 28/53 MP: 4/12
  4850 | D:5      | Gained mutation: You are resistant to electric shocks.
                  | (rElec) [Black Draconian growth]
  4852 | D:5      | Reached skill level 6 in Conjurations
  5564 | D:6      | Noticed a yak
  5583 | D:6      | Killed a yak
  5584 | D:6      | Reached XP level 8. HP: 9/62 MP: 14/14
  5734 | D:6      | Learned a level 1 spell: Beastly Appendage
  5797 | D:6      | Reached skill level 5 in Short Blades
  5877 | D:6      | Reached skill level 5 in Spellcasting
  6192 | D:6      | Found a hazy altar of Hepliaklqana.
  6217 | D:6      | Found a stormy altar of Qazlal.
  6274 | D:6      | Found a staircase to the Ecumenical Temple.
  6285 | Temple   | Entered the Ecumenical Temple
  6308 | Temple   | Became a worshipper of Vehumet
  6349 | D:6      | Reached XP level 9. HP: 71/71 MP: 17/17
  6942 | D:7      | Reached skill level 7 in Conjurations
  7000 | D:7      | Identified a scroll of acquirement
  7000 | D:7      | Acquired the staff of conjuration "Xuvetz" {rCorr}
  7166 | D:7      | Reached skill level 5 in Fighting
  7321 | D:7      | Found a bloodstained altar of Trog.
  7322 | D:7      | Noticed a wizard
  7328 | D:7      | Reached skill level 5 in Dodging
  7328 | D:7      | Killed a wizard
  7546 | D:7      | Found a shimmering blue altar of Sif Muna.
  7546 | D:7      | Found a shimmering altar of Xom.
  7591 | D:7      | Reached * piety under Vehumet
  7591 | D:7      | Offered knowledge of Foxfire by Vehumet.
  7597 | D:7      | Learned a level 4 spell: Fulminant Prism
  8243 | D:8      | Reached skill level 1 in Staves
  8333 | D:8      | Noticed Psyche
  8341 | D:8      | Killed Psyche
  8342 | D:8      | Reached XP level 10. HP: 81/81 MP: 18/20
  8498 | D:8      | Identified the +0 falchion "Apluez" {heavy, Fragile rPois
                  | Dex+3}
  8556 | D:8      | Reached skill level 8 in Conjurations
  8721 | D:8      | Found a basalt altar of Yredelemnul.
  9294 | D:8      | Found Wiohe's Lightly-Used Armoury.
  9599 | D:9      | Noticed Erolcha
  9617 | D:9      | Killed Erolcha
  9630 | D:9      | Offered knowledge of Kiss of Death by Vehumet.
  9633 | D:9      | Reached ** piety under Vehumet
  9847 | D:9      | Reached skill level 9 in Conjurations
  9907 | D:10     | Entered Level 10 of the Dungeon
 10087 | D:10     | Noticed a cyan ugly thing
 10113 | D:9      | Reached XP level 11. HP: 48/89 MP: 14/23
 10219 | D:9      | Noticed Joseph
 10220 | D:9      | Killed a cyan ugly thing
 10337 | D:9      | Killed Joseph
 10441 | D:9      | Got the Cyclopedia of Elliptic Lightning
 10464 | D:9      | Reached skill level 1 in Hexes
 10539 | D:9      | Found a sparkling altar of Nemelex Xobeh.
 11080 | D:10     | Found a white marble altar of Elyvilon.
 11280 | D:10     | Noticed Sonja
 11288 | D:10     | Killed Sonja
 11490 | D:10     | Found an ancient bone altar of Kikubaaqudgha.
 11499 | D:10     | Offered knowledge of Inner Flame by Vehumet.
 11697 | D:10     | Noticed a two-headed ogre
 11709 | D:10     | Killed a two-headed ogre
 11841 | D:10     | Reached skill level 10 in Conjurations
 12310 | D:11     | Noticed Josephine
 12322 | D:11     | Killed Josephine
 12322 | D:11     | Reached *** piety under Vehumet
 12490 | D:11     | Reached XP level 12. HP: 97/97 MP: 5/25
 12498 | D:11     | Noticed a centaur warrior
 12511 | D:11     | HP: 4/97 [komodo dragon (25)]
 12515 | D:11     | Shot with an arrow by a centaur warrior

Illustrated notes

Levels and vault maps discovered:
D:1:      wander_arrival_peaceful_grave, layout_loops_ring,
          dreamdust_ecumenical_altar_grove, hangedman_decor_lopped,
          kennysheep_small_spiral, chequers_decorated_corner
D:2:      layout_loops_ring, serial_forest, infiniplex_forest_clump_curved,
          infiniplex_forest_lined_1, infiniplex_forest_corner_2,
          infiniplex_forest_join, infiniplex_forest_clump_medium,
          minmay_joined_circles
D:3:      layout_basic, mainiacjoe_overflow_surrounded_room
D:4:      layout_cave_pools, serial_shops, shop, nicolae_specific_store,
          minmay_hedge_maze, minmay_misc_feat_tower, minmay_unequal,
          uniq_sigmund, uniq_crazy_yiuf_cottage
D:5:      cheibrodos_thug_alley, layout_basic
D:6:      layout_loops_ring, lemuel_doored_altar, mainiacjoe_overflow_alcove_2,
          temple_fountains
D:7:      layout_loops_cross, trog_wizard, gammafunk_temple_overflow_elements,
          minmay_alternating_orb
D:8:      layout_gridville, nicolae_yredelemnul_corpse_copse,
          minmay_shop_damaged, uniq_psyche
D:9:      layout_rooms, nicolae_overflow_hidden_temple, uniq_joseph,
          uniq_erolcha
D:10:     layout_irregular_city, nicolae_overflow_crystal_walls,
          kennysheep_vampire_church, minmay_misc_feat_columns,
          kennysheep_generic_room_7, uniq_sonja
D:11:     layout_basic, erik_lair_island, zombieorc1_lemuel, special_room
          [special_room_bee], minmay_fractal_squares_5, uniq_josephine
Temple:   hellmonk_temple_two_chambers

Skill      XL: |  1  2  3  4  5  6  7  8  9 10 11 |
---------------+----------------------------------+-----
Conjurations   | 5 6 7 9 10 | 10.2
Stealth        | 2 3 4 |  4.4
Dodging        | 2 3 4 5 7 8 |  8.4
Short Blades   | 1 2 4 5 6 |  6.4
Fighting       | 1 2 4 5 6 |  6.9
Spellcasting   | 3 4 5 6 8 9 |  9.3
Staves         | 1 2 3 |  3.7
Hexes          | 3 |  3.0
Transmutations | |  0.5

Action                     |  1- 3 |  4- 6 |  7- 9 | 10-12 || total
---------------------------+-------+-------+-------+-------++-------
  Melee: Dagger            |    47 |       |       |       ||    47
         Tailslap          |    10 |    14 |    17 |    22 ||    63
         Short sword       |    27 |   124 |    97 |       ||   248
         Punch             |       |     2 |       |     1 ||     3
         Kick              |       |       |     6 |       ||     6
         Headbutt          |       |       |     3 |       ||     3
         Staff             |       |       |    46 |   114 ||   160
   Cast: Magic Dart        |    52 |    92 |   121 |   104 ||   369
         Searing Ray       |     2 |     3 |    37 |    97 ||   139
         Beastly Appendage |       |       |     3 |       ||     3
         Fulminant Prism   |       |       |       |    31 ||    31
         Dazzling Flash    |       |       |       |     6 ||     6
Ability: Breathe Lightning |       |       |     4 |     1 ||     5
    Use: Potion            |     1 |       |       |       ||     1
         Scroll            |       |    15 |     6 |     3 ||    24
   Stab: Sleeping          |     3 |       |       |     1 ||     4
         Distracted        |       |       |     1 |     1 ||     2
 Armour: Skin              |    28 |    56 |    96 |   218 ||   398
  Dodge: Dodged            |    62 |    63 |   118 |   287 ||   530
